 Dungeon Sprint DCSS version 0.18-b1-16-g289874d (webtiles) character file.

36 otab the Cudgeler (level 3, -18/40 HPs)
             Began as an Ogre Gladiator on May 1, 2016.
             Was a Follower of the Shining One.
             Demolished by a merfolk
             ... wielding a +0 trident
              (19 damage)
             ... in the Dungeon (Sprint V: "Ziggurat Sprint").
             The game lasted 00:01:08 (119 turns).

otab the Cudgeler (Ogre Gladiator)                   Turns: 119, Time: 00:01:08

Health: -18/40     AC: 19    Str: 20    XL:     3   Next: 37%
Magic:  6/6        EV:  1    Int:  7    God:    the Shining One [*.....]
Gold:   0          SH:  0    Dex: 11    Spells: 0 memorised, 7 levels left

rFire  + . .     SeeInvis .     o - +10 dark maul {crush}
rCold  + . .     Gourm    .     B - +5 gold dragon armour
rNeg   . . .     Faith    .     (shield currently unavailable)
rPois  +         Spirit   .     c - +0 hat
rElec  .         Dismiss  .     (no cloak)
rCorr  .         Reflect  .     (gloves unavailable)
SustAt .         Harm     .     (boots unavailable)
MR     .....     NoTele   +     (no amulet)
Stlth  ..........               (no ring)
                                (no ring)

@: very slightly contaminated, hasted, glowing, very quick, not resistant to
hostile enchantments, extremely unstealthy
A: unfitting armour, tough skin 1
a: Renounce Religion


You were in the Dungeon.
You worshipped the Shining One.
The Shining One was aware of your devotion.
You were not hungry.

You visited 1 branch

Inventory:

Hand Weapons
 o - the +10 dark maul (weapon) {crush}
   (You found it in the Dungeon)

   It inflicts extra damage upon your enemies.
 y - a +5 giant spiked club
Missiles
 d - 3 throwing nets (quivered)
Armour
 b - a +0 robe
 c - a +0 hat (worn)
 B - a +5 gold dragon armour (worn)
Jewellery
 G - a +6 ring of dexterity
 H - a +6 ring of dexterity
 I - a +6 ring of intelligence
 J - a +6 ring of intelligence
 K - a +6 ring of strength
 L - a +6 ring of strength
Wands
 C - a wand of disintegration (7/24)
 D - a wand of iceblast (5/15)
 E - a wand of lightning (5/15)
 F - a wand of acid (5/15)
Scrolls
 k - 4 scrolls of blinking
 r - 4 scrolls of amnesia
 s - 3 scrolls of recharging
 t - 7 scrolls of fog
 u - a scroll of holy word
 v - 5 scrolls of identify
 w - 5 scrolls of remove curse
 x - 2 scrolls of fear
Potions
 e - 10 potions of curing
 g - 10 potions of heal wounds
 h - 5 potions of haste
 i - 7 potions of magic
 j - 3 potions of berserk rage
 l - 2 potions of brilliance
 m - 2 potions of invisibility
 n - 4 potions of resistance
 p - 5 potions of agility
 q - 5 potions of might
Comestibles
 f - 5 bread rations
 z - 42 fruits
 A - 4 meat rations


   Skills:
 + Level 4.7 Fighting
   Level 2.1(3.1) Axes
 * Level 6.0(6.6) Maces & Flails
 - Level 2.0 Throwing
 + Level 2.0 Armour
 + Level 4.5 Dodging
 + Level 2.6 Spellcasting
 + Level 2.7 Invocations


You had 7 spell levels left.
You didn't know any spells.

Dungeon Overview and Level Annotations

Branches:
Dungeon (1/1)

Altars:
Ashenzari
Cheibriados
Dithmenos
Elyvilon
Fedhas
Gozag
Kikubaaqudgha
Makhleb
Nemelex Xobeh
Okawaru
Pakellas
Qazlal
Ru
Sif Muna
Trog
Vehumet
Xom
Yredelemnul
Zin
The Shining One
Beogh
Jiyva
Lugonu


Innate Abilities, Weirdness & Mutations

You are too large for most types of armour.
You have tough skin (AC +1).


Message History

The merfolk throws a throwing net.
The throwing net hits you.
You become entangled in the net!
Found four items.
You see here a throwing net.
Unknown command.
You tear a large gash into the net.
You shred the net and break free!
Drink which item? (? for menu, Esc to quit)
You feel yourself speed up.
The merfolk hits you but does no damage.
The merfolk hits you from afar with a trident!
You are very lightly contaminated with residual magic.
The merfolk hits you but does no damage. x2
The merfolk hits you with a trident!
You hit the merfolk.
The merfolk is lightly wounded.
The merfolk hits you with a trident!
* * * LOW HITPOINT WARNING * * *
The merfolk hits you with a trident!!
You die...

▓▓▓▓▓▓▓▓▓▓▓▓▓
▓.8©8.▓.8©8.▓
▓.[:=.▓.....▓
▓.....▓.).:.▓
▓.....▓..)..▓
▓.mmm.▓.....▓
▓..@..▓.....▓
▓.....▓▓▓▓▓▓▓
▓▓▓▓▓▓▓


You could see 3 merfolk.

Vanquished Creatures
  An orc wizard (D)
  An orc (D)
2 creatures vanquished.

Notes
Turn   | Place    | Note
--------------------------------------------------------------
     0 | D        | otab the Ogre Gladiator began the quest for the Orb.
     0 | D        | Reached XP level 1. HP: 22/22 MP: 1/1
     0 | D        | Found a viscous altar of Jiyva.
     0 | D        | Found a roughly hewn altar of Beogh.
     0 | D        | Found a corrupted altar of Lugonu.
     0 | D        | Found a white marble altar of Elyvilon.
     0 | D        | Found a sparkling altar of Nemelex Xobeh.
     5 | D        | Found a burning altar of Makhleb.
     5 | D        | Found an iron altar of Okawaru.
     5 | D        | Found a deep blue altar of Sif Muna.
     5 | D        | Found a radiant altar of Vehumet.
     5 | D        | Found a bloodstained altar of Trog.
     5 | D        | Found a shimmering altar of Xom.
    55 | D        | Became a worshipper of the Shining One
    62 | D        | Reached skill level 5 in Maces & Flails
    62 | D        | Reached XP level 2. HP: 33/33 MP: 1/5
   107 | D        | Entered arena 1.
   109 | D        | Reached skill level 6 in Maces & Flails
   109 | D        | Reached XP level 3. HP: 40/40 MP: 6/6
   114 | D        | Entered arena 2.
   114 | D        | Noticed a merfolk
   114 | D        | Noticed a merfolk
   114 | D        | Reached * piety under the Shining One
   114 | D        | Noticed a merfolk
   119 | D        | HP: 1/40 [merfolk/trident (12)]
   119 | D        | Demolished by a merfolk

Skill      XL: |  1  2 |
---------------+-------+-----
Fighting       | 4 |  4.7
Maces & Flails | 5 6 |  6.0
Armour         | 2 |  2.0
Dodging        | 3 4 |  4.5
Spellcasting   | 2 |  2.6
Invocations    | 2 |  2.7
Axes           | |  2.1
Throwing       | |  2.0

Action                   || total
-------------------------++-------
Melee: Maul              ||     3
  Use: Potion            ||     2
Armor: Gold dragon armou ||     6
